SL
BILOXI SHUCKERS @ MONTGOMERY BISCUITS
05/22/2099
 
TOP OF THE 1ST
Biloxi Shuckers batting - Pitching for Montgomery Biscuits : RHP Juan Villagomez
Pitching: RHP Juan Villagomez
Batting: SHB Kyle Carlson 0-0: Ground out 1-3 (Groundball, 15, EV 74.4 MPH)
Batting: RHB Cesar Oropeza 0-0: Ground out 6-3 (Groundball, 6MS, EV 80.6 MPH)
Batting: RHB Chris Law 0-0: Called Strike
0-1: Called Strike
0-2: Ball
1-2: Strikes out swinging
Top of the 1st over - 0 runs, 0 hits, 0 errors, 0 left on base; Biloxi 0 - Montgomery 0
BOTTOM OF THE 1ST
Montgomery Biscuits batting - Pitching for Biloxi Shuckers : RHP Willie Moreno
Pitching: RHP Willie Moreno
Batting: RHB Melvin Casasola 0-0: Ball
1-0: Called Strike
1-1: Ball
2-1: Ball
3-1: DOUBLE (Groundball, 5L, EV 95.6 MPH)
Batting: RHB Estaçio Barrocas 0-0: Called Strike
0-1: 2-RUN HOME RUN (Flyball, 78XD, EV 109.4 MPH), Distance : 426 ft
Batting: LHB Matt Flagg 0-0: Foul Ball, location: 9LSF
0-1: Fly out, F9 (Flyball, 89S, EV 86.3 MPH)
Batting: RHB Edgar Rivas 0-0: Ball
1-0: Foul Ball, location: 2F
1-1: Ground out 6-3 (Groundball, 6D, EV 105.0 MPH)
Batting: LHB Javier Portilla 0-0: Foul Ball, location: 2F
0-1: Fly out, F2 (Popup, 2L, EV 91.3 MPH)
Bottom of the 1st over - 2 runs, 2 hits, 0 errors, 0 left on base; Biloxi 0 - Montgomery 2
TOP OF THE 2ND
Biloxi Shuckers batting - Pitching for Montgomery Biscuits : RHP Juan Villagomez
Batting: RHB Marco Gutierrez 0-0: Ball
1-0: Foul Ball, location: 7LMF
1-1: Ball
2-1: Foul Ball, location: 2F
2-2: Foul Ball, location: 9LSF
2-2: Ball
3-2: Foul Ball, location: 3FF
3-2: Ground out 4-3 (Groundball, 4M, EV 95.0 MPH)
Batting: RHB Josh Merklin 0-0: Called Strike
0-1: Called Strike
0-2: Foul Ball, location: 2F
0-2: Ball
1-2: Ball
2-2: Ground out 6-3 (Groundball, 6, EV 103.1 MPH)
Batting: LHB Chris Weinert 0-0: Foul Ball, location: 2F
0-1: Ball
1-1: Called Strike
1-2: Foul Ball, location: 9LSF
1-2: Ball
2-2: Ball
3-2: Fly out, F8 (Flyball, 8LM, EV 88.8 MPH)
Top of the 2nd over - 0 runs, 0 hits, 0 errors, 0 left on base; Biloxi 0 - Montgomery 2
BOTTOM OF THE 2ND
Montgomery Biscuits batting - Pitching for Biloxi Shuckers : RHP Willie Moreno
Batting: RHB Jason William 0-0: Ball
1-0: Called Strike
1-1: Swinging Strike
1-2: Ball
2-2: Foul Ball, location: 2F
2-2: Ball
3-2: Fly out, F3 (Popup, 3F, EV 63.8 MPH)
Batting: RHB Bobby Williams 0-0: Swinging Strike
0-1: Ground out 3-1 (Groundball, 34, EV 81.3 MPH)
Batting: RHB Mike Woods 0-0: Ball
1-0: Called Strike
1-1: SOLO HOME RUN (Flyball, 9LD, EV 92.5 MPH), Distance : 344 ft
Batting: RHB John Wiersema 0-0: Ball
1-0: Ball
2-0: Ball
3-0: Called Strike
3-1: Fly out, F9 (Line Drive, 89M, EV 95.0 MPH)
Bottom of the 2nd over - 1 run, 1 hit, 0 errors, 0 left on base; Biloxi 0 - Montgomery 3
TOP OF THE 3RD
Biloxi Shuckers batting - Pitching for Montgomery Biscuits : RHP Juan Villagomez
Batting: RHB Vinny Prestage 0-0: Ball
1-0: Called Strike
1-1: SINGLE (Groundball, 34D, EV 95.6 MPH)
Batting: LHB Steve Stossel 0-0: Ball
1-0: Fly out, F9 (Flyball, 9LM, EV 94.4 MPH)
Batting: RHB Jose Tarango 0-0: Ball
1-0: Foul Ball, location: 9LSF
1-1: Ball
2-1: Reached on error, E5 (Groundball, 56, EV 83.1 MPH)
Vinny Prestage to second
Batting: SHB Kyle Carlson 0-0: Ball
1-0: Ball
2-0: Ball
3-0: Called Strike
3-1: Fly out, F8 (Flyball, 8LD, EV 85.0 MPH)
Batting: RHB Cesar Oropeza 0-0: Called Strike
0-1: Ball
1-1: Ball
2-1: Ball
3-1: Called Strike
3-2: Foul Ball, location: 2F
3-2: Strikes out swinging
Top of the 3rd over - 0 runs, 1 hit, 1 error, 2 left on base; Biloxi 0 - Montgomery 3
BOTTOM OF THE 3RD
Montgomery Biscuits batting - Pitching for Biloxi Shuckers : RHP Willie Moreno
Batting: RHB Melvin Casasola 0-0: Ball
1-0: Fly out, F7 (Flyball, 7LM, EV 106.9 MPH)
Batting: RHB Estaçio Barrocas 0-0: Called Strike
0-1: Swinging Strike
0-2: Ground out 6-3 (Groundball, 6, EV 106.9 MPH)
Batting: LHB Matt Flagg 0-0: Ball
1-0: Foul Ball, location: 2F
1-1: Ball
2-1: Ground out 4-3 (Groundball, 4, EV 88.1 MPH)
Bottom of the 3rd over - 0 runs, 0 hits, 0 errors, 0 left on base; Biloxi 0 - Montgomery 3
TOP OF THE 4TH
Biloxi Shuckers batting - Pitching for Montgomery Biscuits : RHP Juan Villagomez
Batting: RHB Chris Law 0-0: Ball
1-0: Called Strike
1-1: Fly out, F7 (Flyball, 7D, EV 85.6 MPH)
Batting: RHB Marco Gutierrez 0-0: Swinging Strike
0-1: Ball
1-1: Foul Ball, location: 2F
1-2: Ball
2-2: Strikes out swinging
Batting: RHB Josh Merklin 0-0: Called Strike
0-1: Called Strike
0-2: Ball
1-2: Strikes out looking
Top of the 4th over - 0 runs, 0 hits, 0 errors, 0 left on base; Biloxi 0 - Montgomery 3
BOTTOM OF THE 4TH
Montgomery Biscuits batting - Pitching for Biloxi Shuckers : RHP Willie Moreno
Batting: RHB Edgar Rivas 0-0: Ball
1-0: SOLO HOME RUN (Flyball, 78XD, EV 98.8 MPH), Distance : 386 ft
Batting: LHB Javier Portilla 0-0: Ball
1-0: Foul Ball, location: 23F
1-1: Ball
2-1: Ball
3-1: Foul Ball, location: 3F
3-2: Base on Balls
Batting: RHB Jason William 0-0: Ball
1-0: Called Strike
1-1: Fly out, F9 (Line Drive, 9LS, EV 98.1 MPH)
Batting: RHB Bobby Williams 0-0: Ball
1-0: Swinging Strike
1-1: Swinging Strike
1-2: Foul Ball, location: 5FF
1-2: Foul Ball, location: 25FF
1-2: Ball
2-2: Strikes out swinging
Batting: RHB Mike Woods 0-0: Called Strike
0-1: Ball
Javier Portilla is caught stealing 2nd base 2-4
Bottom of the 4th over - 1 run, 1 hit, 0 errors, 0 left on base; Biloxi 0 - Montgomery 4
TOP OF THE 5TH
Biloxi Shuckers batting - Pitching for Montgomery Biscuits : RHP Juan Villagomez
Batting: LHB Chris Weinert 0-0: Called Strike
0-1: Ball
1-1: Ball
2-1: Ground out 6-3 (Groundball, 6, EV 81.3 MPH)
Batting: RHB Vinny Prestage 0-0: Ground out 6-3 (Groundball, 6, EV 89.4 MPH)
Batting: LHB Steve Stossel 0-0: Ball
1-0: Ball
2-0: Swinging Strike
2-1: Called Strike
2-2: DOUBLE (Line Drive, 89M, EV 89.4 MPH) - OUT at third base trying to stretch hit.
Top of the 5th over - 0 runs, 1 hit, 0 errors, 0 left on base; Biloxi 0 - Montgomery 4
BOTTOM OF THE 5TH
Montgomery Biscuits batting - Pitching for Biloxi Shuckers : RHP Willie Moreno
Batting: RHB Mike Woods 0-0: Foul Ball, location: 9LDF
0-1: Ball
1-1: Foul Ball, location: 9LMFF
1-2: Ground out 6-3 (Groundball, 6, EV 88.1 MPH)
Batting: RHB John Wiersema 0-0: Ball
1-0: Swinging Strike
1-1: Ball
2-1: Ball
3-1: Base on Balls
Batting: RHB Melvin Casasola 0-0: Foul Ball, location: 9LMF
0-1: Ball
1-1: Ball
2-1: Called Strike
2-2: Foul Ball, location: 2F
2-2: Strikes out swinging
Batting: RHB Estaçio Barrocas 0-0: Foul Ball, location: 2F
0-1: Ball
1-1: Foul Ball, location: 3FF
1-2: Ball
2-2: SINGLE (Flyball, 8RS, EV 94.4 MPH)
John Wiersema to second
Runner from 2nd tries for 3rd, SAFE, throw by CF made to third
Batting: LHB Matt Flagg 0-0: Foul Ball, location: 5SF
0-1: Ball
1-1: Called Strike
1-2: Ball
2-2: Strikes out swinging
Bottom of the 5th over - 0 runs, 1 hit, 0 errors, 2 left on base; Biloxi 0 - Montgomery 4
TOP OF THE 6TH
Biloxi Shuckers batting - Pitching for Montgomery Biscuits : RHP Juan Villagomez
Batting: RHB Jose Tarango 0-0: Fly out, F3 (Popup, 3SF, EV 71.9 MPH)
Batting: SHB Kyle Carlson 0-0: Foul Ball, location: 7LSF
0-1: Ball
1-1: Foul Ball, location: 2F
1-2: Ground out 4-3 (Groundball, 4, EV 99.4 MPH)
Batting: RHB Cesar Oropeza 0-0: Ball
1-0: Foul Ball, location: 9LSF
1-1: Ball
2-1: Foul Ball, location: 2F
2-2: Ball
3-2: Strikes out swinging, 2-3 out at first.
Top of the 6th over - 0 runs, 0 hits, 0 errors, 0 left on base; Biloxi 0 - Montgomery 4
BOTTOM OF THE 6TH
Montgomery Biscuits batting - Pitching for Biloxi Shuckers : RHP Willie Moreno
Batting: RHB Edgar Rivas 0-0: Ball
1-0: Foul Ball, location: 25FF
1-1: Called Strike
1-2: Ball
2-2: Fly out, F8 (Flyball, 8LXD, EV 90.0 MPH)
Batting: LHB Javier Portilla 0-0: Ball
1-0: Fly out, F9 (Flyball, 9, EV 95.0 MPH)
Batting: RHB Jason William 0-0: SINGLE (Line Drive, 8LS, EV 90.0 MPH)
Batting: RHB Bobby Williams 0-0: Fly out, F9 (Flyball, 89S, EV 80.6 MPH)
Bottom of the 6th over - 0 runs, 1 hit, 0 errors, 1 left on base; Biloxi 0 - Montgomery 4
TOP OF THE 7TH
Biloxi Shuckers batting - Pitching for Montgomery Biscuits : RHP Juan Villagomez
Batting: RHB Chris Law 0-0: Ball
1-0: Called Strike
1-1: Ball
2-1: Swinging Strike
2-2: Fly out, F8 (Line Drive, 8RD, EV 91.9 MPH)
Batting: RHB Marco Gutierrez 0-0: Ball
1-0: Ball
2-0: Foul Ball, location: 9LMF
2-1: Foul Ball, location: 2F
2-2: Ball
3-2: Ground out 6-3 (Groundball, 6, EV 101.3 MPH)
Batting: RHB Josh Merklin 0-0: Called Strike
0-1: Swinging Strike
0-2: Ball
1-2: Strikes out looking
Top of the 7th over - 0 runs, 0 hits, 0 errors, 0 left on base; Biloxi 0 - Montgomery 4
BOTTOM OF THE 7TH
Montgomery Biscuits batting - Pitching for Biloxi Shuckers : RHP Willie Moreno
Batting: RHB Mike Woods 0-0: Swinging Strike
0-1: Foul Ball, location: 23FF
0-2: Strikes out looking
Batting: RHB John Wiersema 0-0: SINGLE (Groundball, 56S, EV 68.8 MPH) (infield hit)
Batting: RHB Melvin Casasola 0-0: Ball
1-0: Foul Ball, location: 3FF
1-1: Ground out 6-3 (Groundball, 6M, EV 103.8 MPH)
John Wiersema to second
Batting: RHB Estaçio Barrocas 0-0: Called Strike
0-1: Called Strike
0-2: Strikes out swinging
Bottom of the 7th over - 0 runs, 1 hit, 0 errors, 1 left on base; Biloxi 0 - Montgomery 4
TOP OF THE 8TH
Biloxi Shuckers batting - Pitching for Montgomery Biscuits : RHP Juan Villagomez
Batting: LHB Chris Weinert 0-0: Ball
1-0: Fly out, F9 (Line Drive, 9, EV 91.3 MPH)
Batting: RHB Vinny Prestage 0-0: Called Strike
0-1: Swinging Strike
0-2: Ball
1-2: Foul Ball, location: 23F
1-2: Fly out, F8 (Flyball, 8LS, EV 88.1 MPH)
Batting: LHB Steve Stossel 0-0: Called Strike
0-1: Ball
1-1: Ball
2-1: Ball
3-1: Called Strike
3-2: Foul Ball, location: 25FF
3-2: Base on Balls
Batting: RHB Jose Tarango 0-0: Ball
1-0: Called Strike
1-1: Foul Ball, location: 5F
1-2: Strikes out looking
Top of the 8th over - 0 runs, 0 hits, 0 errors, 1 left on base; Biloxi 0 - Montgomery 4
BOTTOM OF THE 8TH
Montgomery Biscuits batting - Pitching for Biloxi Shuckers : RHP Willie Moreno
Batting: LHB Matt Flagg 0-0: Ball
1-0: Ball
2-0: Fly out, F8 (Flyball, 89M, EV 84.4 MPH)
Batting: RHB Edgar Rivas 0-0: SINGLE (Flyball, 78S, EV 94.4 MPH)
Batting: LHB Javier Portilla 0-0: Called Strike
0-1: Foul Ball, location: 2F
0-2: Ball
1-2: SINGLE (Groundball, 34D, EV 101.3 MPH)
Edgar Rivas to second
Runner from 2nd tries for 3rd, SAFE, throw by RF made to third
Batting: RHB Jason William 0-0: Called Strike
0-1: Grounds into double play, 4-6-3 (Groundball, 4M, EV 93.8 MPH)
Bottom of the 8th over - 0 runs, 2 hits, 0 errors, 1 left on base; Biloxi 0 - Montgomery 4
TOP OF THE 9TH
Biloxi Shuckers batting - Pitching for Montgomery Biscuits : RHP Juan Villagomez
Batting: SHB Kyle Carlson 0-0: Foul Ball, location: 9LSFF
0-1: Fly out, F3 (Line Drive, 3L, EV 67.5 MPH)
Batting: RHB Cesar Oropeza 0-0: Ball
1-0: Ground out 5-3 (Groundball, 5, EV 90.6 MPH)
Batting: RHB Chris Law 0-0: Swinging Strike
0-1: Swinging Strike
0-2: Ball
1-2: Strikes out swinging
Top of the 9th over - 0 runs, 0 hits, 0 errors, 0 left on base; Biloxi 0 - Montgomery 4
Tuesday, May 7th , 2024 - OOTP Baseball 24.11 Build 85